 Dungeon Crawl Stone Soup version 0.30-a0-373-gd37427b (webtiles) character file.

Game seed: 11404150264988679763

2716 Dorkslayer the Spear-Bearer (level 9, -17/68 HPs)
             Began as a Merfolk Fighter on Nov 24, 2022.
             Was an Initiate of Gozag.
             Killed from afar by a deep elf pyromancer (36 damage)
             ... with a bolt of fire
             ... on level 7 of the Dungeon.
             The game lasted 00:27:52 (6616 turns).

Dorkslayer the Spear-Bearer (Merfolk Fighter)       Turns: 6616, Time: 00:27:53

Health: -17/68     AC: 14    Str: 18    XL:     9   Next: 66%
Magic:  9/9        EV:  3    Int:  9    God:    Gozag
Gold:   309        SH: 16    Dex: 14    Spells: 8/8 levels left

rFire   . . .      SeeInvis .    H - +2 war axe (freeze)
rCold   + . .      Faith    .    m - +2 tower shield
rNeg    . . .      Spirit   .    C - +0 plate armour
rPois   .          Reflect  .    s - +0 helmet
rElec   .          Harm     .    g - +0 cloak
rCorr   .          Rampage  .    (no gloves)
Will    +....                    (no boots)
Stlth   ..........               b - amulet of the acrobat
HPRegen 0.31/turn                y - ring of willpower
MPRegen 0.11/turn                A - ring of protection from cold

@: on fire, glowing
A: (nimble swimmer 2), mertail
a: Renounce Religion, Potion Petition, Call Merchant, Bribe Branch


You were on level 7 of the Dungeon.
You worshipped Gozag.
Gozag was aware of your devotion.
You visited 2 branches of the dungeon, and saw 8 of its levels.
You also visited: Sewer.

You collected 462 gold pieces.
You paid 153 gold pieces to Gozag.

Inventory:

Hand Weapons
 a - a +0 trident
 H - a +2 war axe of freezing (weapon)
Missiles
 l - 3 boomerangs (quivered)
 F - 3 javelins
Armour
 g - a +0 cloak (worn)
 m - a +2 tower shield (worn)
 s - a +0 helmet (worn)
 C - a +0 plate armour (worn)
Jewellery
 b - an amulet of the acrobat (around neck)
 y - a ring of willpower (left hand)
 A - a ring of protection from cold (right hand)
Wands
 t - a wand of iceblast (11)
 B - a wand of digging (3)
Scrolls
 e - a scroll of vulnerability
 f - 3 scrolls of enchant weapon
 h - 2 scrolls of fog
 i - 3 scrolls of magic mapping {unknown}
 j - 3 scrolls of teleportation {unknown}
 k - 2 scrolls of enchant armour
 n - a scroll of blinking
 p - 3 scrolls of fear {unknown}
 v - a scroll of immolation
 z - a scroll of summoning {unknown}
 G - a scroll of amnesia {unknown}
Potions
 c - a potion of might
 d - a potion of lignification {unknown}
 o - a potion of haste
 q - a potion of cancellation
 r - a potion of ambrosia
 u - 2 potions of curing
 w - 2 potions of attraction {unknown}
 x - a potion of resistance {unknown}
 D - a potion of mutation {unknown}
 E - a potion of berserk rage


   Skills:
 + Level 5.5 Fighting
 + Level 9.9 Polearms
 + Level 3.8 Throwing
 + Level 4.1 Armour
 + Level 3.9 Dodging
 + Level 1.1 Stealth
 * Level 5.9 Shields
 * Level 4.4 Evocations


You had 8 spell levels left.
You didn't know any spells.
Your spell library contained the following spells:

 Spells                   Type           Power      Damage    Failure   Level
 Ensorcelled Hibernation  Hex/Ice        0%         N/A       100%        2
 Gell's Gravitas          Tloc           0%         N/A       100%        3
 Lesser Beckoning         Tloc           0%         N/A       100%        3
 Ozocubu's Armour         Ice            0%         N/A       100%        3
 Teleport Other           Tloc           0%         N/A       100%        3
 Animate Armour           Summ/Erth      0%         N/A       100%        4
 Summon Lightning Spire   Summ/Air       0%         N/A       100%        4
 Ozocubu's Refrigeration  Ice            0%         4d7       100%        7


Dungeon Overview and Level Annotations

Branches:
Dungeon (7/15)             Temple (1/1) D:7           Sewer (visited)

Altars:
Cheibriados
Dithmenos
Gozag
Hepliaklqana
Kikubaaqudgha
Nemelex Xobeh
Qazlal
Ru
Sif Muna
Trog
Uskayaw
Vehumet
Wu Jian
Xom
Yredelemnul
Zin
The Shining One


Innate Abilities, Weirdness & Mutations

((You are very nimble when in or above water. (Stealth+, EV+, Speed+++)))
Your lower body shifts to a powerful aquatic tail in water.


Message History

The deep elf pyromancer gestures at you while chanting.
The sticky flame misses you.
You slash the deep elf pyromancer! You freeze the deep elf pyromancer.
The deep elf pyromancer is heavily wounded.
You block the deep elf pyromancer's attack.
You hit the deep elf pyromancer. You freeze the deep elf pyromancer.
The deep elf pyromancer is severely wounded.
You block the deep elf pyromancer's attack.
The deep elf pyromancer hits you but does no damage.
You closely miss the deep elf pyromancer.
The deep elf pyromancer is severely wounded.
The deep elf pyromancer gestures wildly while chanting.
The deep elf pyromancer mumbles some strange words.
You miss the deep elf pyromancer.
The deep elf pyromancer is severely wounded.
You hit the fire elemental. You freeze the fire elemental.
The fire elemental hits you. The fire elemental burns you!
You block the deep elf pyromancer's attack.
The fire elemental hits you. The fire elemental burns you!
You miss the deep elf pyromancer.
The deep elf pyromancer is severely wounded.
You completely miss the fire elemental.
You block the deep elf pyromancer's attack.
You block the fire elemental's attack.
The deep elf pyromancer hits you but does no damage.
The fire elemental hits you. The fire elemental burns you!
You hit the deep elf pyromancer. You freeze the deep elf pyromancer.
The deep elf pyromancer is severely wounded.
You hit the fire elemental. You freeze the fire elemental.
The fire elemental hits you. The fire elemental burns you!
The deep elf pyromancer casts a spell at you.
The sticky flame hits you but does no damage.
You are covered in liquid flames!
The fire elemental hits you. The fire elemental burns you!
* * * LOW HITPOINT WARNING * * *
The deep elf pyromancer casts a spell at you.
The bolt of fire hits you!!!
Ouch! That really hurt!
You die...
Your body crumbles into a pile of gold.

..# #. ..# #####.###
###.# ....... ...#.#
#..... ...#.#
#..8######'''#.###
#.......'..P#...######
#.......E...#.#....#.###
#......@eE..#.####..#...
#######.8######+++#.#
##...### ...............
#.# #......≈
............... #.#
#.≈≈(.#≈
..#####.###########.#
##.~≈.#~ #.............#
#.##~≈.# ####.#.#.##..##
##.##.## #...#.##.##
##.#.#≈ $ #..##.##.#
##.##≈≈≈


You could see a deep elf pyromancer and 2 fire elementals.

Vanquished Creatures
  Pikel (D:4)
  Prince Ribbit (D:6)
  Grinder (D:6)
  A steam dragon (D:4)
  A water moccasin (D:5)
  An orc warrior (D:7)
  A sky beast (D:7)
  An ice beast (D:6)
  A centaur (D:5)
  2 lemures (D:4)
  A kobold brigand (D:5)
  A bullfrog (Sewer)
  3 necrophages
  4 scorpions (D:5)
  3 hounds
  3 jellies
  2 orc priests
  Jessica (D:2)
  2 orc wizards (D:7)
  2 iguanas
  Robin (D:3)
  6 gnolls
  14 adders
  A shadow imp (D:6)
  2 ufetubi
  6 worms
  4 dart slugs
  12 orcs
  13 ball pythons
  16 endoplasms
  12 giant cockroaches
  11 hobgoblins
  8 quokkas
  5 bats
  11 frilled lizards
  13 goblins
  25 kobolds
  8 rats
201 creatures vanquished.

Vanquished Creatures (others)
  9 fungi (D:4)
  43 plants (D:5)
52 creatures vanquished.

Grand Total: 253 creatures vanquished

Notes
Turn   | Place    | Note
-------+----------+-------------------------------------------
     0 | D:1      | Dorkslayer the Merfolk Fighter began the quest for the Orb.
     0 | D:1      | Reached XP level 1. HP: 18/18 MP: 1/1
   136 | D:1      | Reached skill level 1 in Dodging
   136 | D:1      | Reached XP level 2. HP: 13/24 MP: 2/2
   352 | D:1      | Reached skill level 3 in Polearms
   352 | D:1      | Reached XP level 3. HP: 29/29 MP: 3/3
  1148 | D:2      | Reached XP level 4. HP: 25/36 MP: 4/4
  1225 | D:2      | Noticed Jessica
  1231 | D:2      | Killed Jessica
  1232 | D:2      | Reached skill level 4 in Polearms
  1232 | D:2      | Reached skill level 1 in Throwing
  1428 | D:2      | Identified the +1 scale mail "Uraheuf" {rC+ Dex+3 SInv}
  1451 | D:2      | Reached XP level 5. HP: 41/42 MP: 5/5
  1620 | D:3      | Found a shadowy altar of Dithmenos.
  1680 | D:3      | Reached skill level 5 in Polearms
  1753 | D:3      | Found a glowing drain.
  1766 | Sewer    | Entered a sewer
  1859 | Sewer    | Reached XP level 6. HP: 48/48 MP: 6/6
  2036 | Sewer    | Got the Catalogue of Hexing and the Union
  2050 | Sewer    | Reached skill level 6 in Polearms
  2133 | D:3      | Found a snail-covered altar of Cheibriados.
  2199 | D:3      | Found an ornate altar of the Wu Jian Council.
  2226 | D:3      | Noticed Robin
  2261 | D:3      | Killed Robin
  2715 | D:4      | Noticed a steam dragon
  2730 | D:4      | Killed a steam dragon
  2731 | D:4      | Reached XP level 7. HP: 29/54 MP: 7/7
  3278 | D:4      | Reached skill level 7 in Polearms
  3388 | D:4      | Reached skill level 1 in Evocations
  3571 | D:4      | Noticed Pikel
  3580 | D:4      | Killed Pikel
  3581 | D:4      | Reached skill level 8 in Polearms
  3581 | D:4      | Reached XP level 8. HP: 61/61 MP: 8/8
  3958 | D:5      | Entered Level 5 of the Dungeon
  3999 | D:5      | Reached skill level 5 in Fighting
  4310 | D:5      | Reached skill level 9 in Polearms
  4486 | D:5      | Reached XP level 9. HP: 68/68 MP: 9/9
  4637 | D:5      | Reached skill level 5 in Shields
  5107 | D:6      | Noticed Grinder
  5129 | D:6      | Killed Grinder
  5617 | D:6      | Reached skill level 1 in Stealth
  5833 | D:6      | Found a radiant altar of Vehumet.
  6092 | D:6      | Found a glowing golden altar of the Shining One.
  6093 | D:6      | Noticed Prince Ribbit
  6112 | D:6      | Killed Prince Ribbit
  6285 | D:7      | Found a staircase to the Ecumenical Temple.
  6292 | Temple   | Entered the Ecumenical Temple
  6321 | Temple   | Became a worshipper of Gozag Ym Sagoz the Greedy
  6601 | D:7      | Noticed a deep elf pyromancer
  6616 | D:7      | Killed from afar by a deep elf pyromancer

Illustrated notes

Levels and vault maps discovered:
D:1:      erik_arrival_cave_to_civilisation [erik_arrival_cave_to_hall],
          layout_basic
D:2:      layout_rooms, uniq_jessica
D:3:      layout_rooms, mainiacjoe_overflow_alcove_1, mainiacjoe_overflow_paths,
          nicolae_wu_jian_wuxing_cycle, cheibrodos_sewer_entry_bend,
          kennysheep_pointless_box, uniq_robin
D:4:      layout_basic, roderic_lattice_a, dreamdust_gnoll_farm, uniq_pikel
D:5:      kennysheep_kobold_camp, layout_basic
D:6:      layout_loops_corners, nicolae_tso_swordbearing_angel,
          marbit_many_paths, nrook_mini_backslash, hex_tiny,
          uniq_prince_ribbit1, uniq_grinder
D:7:      layout_loops_ring, mainiacjoe_overflow_small_starburst,
          fedhas_altar_1, okawaru_metal_pillars_1_2, temple_green, serial_shops,
          nicolae_shop_crystal, shop_statue, chequers_serial_rivers_small_b,
          guppyfry_early_elven_hall
Temple:   minmay_temple_bridge_abc

Skill      XL: |  1  2  3  4  5  6  7  8  9 |
---------------+----------------------------+-----
Dodging        | 1 2 3 |  3.9
Polearms       | 3 4 5 6 8 9 |  9.9
Throwing       | 1 2 3 |  3.8
Fighting       | 4 5 |  5.5
Armour         | 3 4 |  4.1
Evocations     | 2 3 4 |  4.4
Shields        | 4 5 |  5.9
Stealth        | 1 |  1.1

Action                   |  1- 3 |  4- 6 |  7- 9 || total
-------------------------+-------+-------+-------++-------
Melee: Trident           |    98 |   279 |   413 ||   790
       Tailslap          |       |     3 |       ||     3
       War axe           |       |       |    11 ||    11
Throw: Boomerang         |     1 |     1 |    39 ||    41
Evoke: Wand              |       |       |     4 ||     4
  Use: Potion            |       |     3 |     3 ||     6
       Scroll            |       |     6 |     4 ||    10
Armor: Scale mail        |    28 |   112 |    70 ||   210
       Plate armour      |       |       |    35 ||    35
Dodge: Dodged            |    29 |   131 |    92 ||   252
Block: Buckler           |    21 |    51 |    32 ||   104
       Tower shield      |       |       |   149 ||   149

Table legend: (Time is in decaauts)
 A = Elapsed time spent in this place.
 B = Non-inter-level travel time spent in this place.
 C = Inter-level travel time spent in this place.
 D = Time resting spent in this place.
 E = Time spent auto-exploring this place.
 F = Levels seen in this place.
 G = Mean time per level.
                   A        B        C        D        E       F      G
               +--------+--------+--------+--------+--------+-----+--------+
         Total |   6684 |   6684 |      0 |    253 |   2915 |   9 |  742.7 |
       Dungeon |   6367 |   6367 |      0 |    253 |   2915 |   7 |  909.6 |
        Temple |     43 |     43 |      0 |      0 |      0 |   1 |   43.0 |
         Sewer |    273 |    273 |      0 |      0 |      0 |   1 |  273.0 |
               +--------+--------+--------+--------+--------+-----+--------+

Top non-repeatable levels by time:
     D:4: 1325 daAuts
     D:5: 1190 daAuts
     D:6: 1172 daAuts
     D:1: 1065 daAuts
     D:3: 734 daAuts
     D:2: 564 daAuts
     D:7: 314 daAuts
   Sewer: 273 daAuts
  Temple: 43 daAuts
